 Dungeon Crawl Stone Soup version 0.27.1-33-g824d729ab1 (console) character file.

Game seed: 10106740676094145792

138 Banquo the Slasher (level 5, -2/40 HPs)
             Began as a Djinni Gladiator on Dec 15, 2021.
             Slain by an iguana (10 damage)
             ... on level 3 of the Dungeon.
             The game lasted 00:08:59 (4140 turns).

Banquo the Slasher (Djinni Gladiator)               Turns: 4140, Time: 00:08:59

Health: -2/40      AC:  7    Str: 13    XL:     5   Next: 45%
Gold:   198        EV:  7    Int: 11    God:
                   SH:  7    Dex: 14

rFire    + + .     SeeInvis .   a - +0 long sword
rCold    x . .     Faith    .   i - +0 kite shield
rNeg     . . .     Spirit   .   o - +0 scale mail
rPois    ∞         Reflect  .   c - +0 helmet
rElec    .         Harm     .   (no cloak)
rCorr    .         Rampage  .   (no gloves)
Will     .....                  (boots unavailable)
Stlth    ..........             (no amulet)
HPRegen  0.13/turn              (no ring)
MPRegen  0.00/turn              (no ring)

@: flying
A: sickness immunity, fire resistance 2, cold vulnerability 1, float, innate
caster, hp casting, extra vitality 1
a: no special abilities


You were on level 3 of the Dungeon.
You visited 1 branch of the dungeon, and saw 4 of its levels.

You collected 198 gold pieces.

Inventory:

Hand Weapons
 a - a +0 long sword (weapon)
 f - a +0 hunting sling
 h - a +0 spear
 r - a +0 dagger
 t - a +0 trident
Missiles
 d - 3 throwing nets (quivered)
 e - 72 stones
Armour
 b - a +0 leather armour
 c - a +0 helmet (worn)
 i - a +0 kite shield (worn)
 k - a +0 helmet
 n - a +0 chain mail
 o - a +0 scale mail (worn)
Magical Staves
 p - a staff of air
Scrolls
 g - a scroll of identify {unknown}
 j - a scroll of acquirement {unknown}
 q - a scroll of amnesia {unknown}
 s - a scroll of magic mapping {unknown}
Potions
 l - 2 potions of brilliance {unknown}
 m - a potion of lignification {unknown}


   Skills:
 + Level 2.9 Fighting
 + Level 3.9 Long Blades
 - Level 1.5 Throwing
 + Level 0.8 Armour
 - Level 3.2 Dodging
 + Level 0.9 Shields
 * Level 1.5 Spellcasting


You had 4 spell levels left.
You knew the following spells:

 Your Spells              Type           Power      Damage    Failure   Level
a - Corona                Hex            4%         N/A       99%         1
b - Wereblood             Tmut           4%         N/A       100%        2
Your spell library was empty.


Dungeon Overview and Level Annotations

Branches:
Dungeon (4/15)
 Temple: D:4-7

Altars:
Cheibriados

Shops:
D:2 :


Innate Abilities, Weirdness & Mutations

You are immune to sickness and miasma.
You are immune to poison.
Your flesh is very heat resistant. (rF++)
You are vulnerable to cold. (rC-)
You float through the air rather than walking.
You learn spells naturally, not from books.
Your magical power is your life essence.
You have superior vitality. (+4 HP)


Message History

You block the orc priest's attack. The bullfrog skeleton hits you.
You closely miss the orc priest.
The orc priest is severely wounded.
The bullfrog skeleton hits you.
The orc priest looks encouraged for a moment.
You barely miss the orc priest.
The orc priest is severely wounded.
You block the bullfrog skeleton's attack.
The orc priest looks encouraged for a moment.
The bullfrog skeleton hits you but does no damage.
The orc priest hits you with a +0 hand axe.
You hit the orc priest but do no damage.
The orc priest is severely wounded.
The bullfrog skeleton barely misses you.
You block the iguana's attack. The bullfrog skeleton hits you.
The orc priest hits you but does no damage.
Your shield and scale mail prevent you from hitting the orc priest.
The orc priest is severely wounded.
The bullfrog skeleton barely misses you.
You riposte.
You hit the bullfrog skeleton.
The bullfrog skeleton is lightly damaged.
The iguana bites you!
The orc priest hits you with a +0 hand axe.
* * * LOW HITPOINT WARNING * * *
You block the bullfrog skeleton's attack.
The iguana barely misses you.
You riposte.
You hit the iguana but do no damage. You block the orc priest's attack.
The orc priest hits you with a +0 hand axe.
* * * LOW HITPOINT WARNING * * *
The orc priest looks encouraged for a moment.
You block the bullfrog skeleton's attack.
There is a stone staircase leading up here.
The bullfrog skeleton hits you.
* * * LOW HITPOINT WARNING * * *
The iguana bites you.
* * * LOW HITPOINT WARNING * * *
You fly upwards.
There is a stone staircase leading down here.
You closely miss the iguana. The iguana bites you!
You die...

.....#
##.##.............# #.#
.....#
#...####.##.###.### #.#
###### #....###.#..#
#.##### #.# #
#...........###.#...###..
#
##.#..##.##.##.......####
# #.#..##.............# #
#........#.##.......# #
###...l..#.##..#....####
##...@...##..##.......
##########..####.####
#..# #.# #..####.#
#.......# ##.########
######## #.........#
#......# #..######.# ###
#.####.# ###..######.##


You could see an iguana.

Vanquished Creatures
  An orc wizard (D:4)
  2 adders
  2 worms (D:3)
  6 orcs
  7 ball pythons
  5 bats
  7 endoplasms
  5 giant cockroaches
  10 goblins
  6 hobgoblins
  8 jackals (D:3)
  4 quokkas
  4 frilled lizards
  4 rats
71 creatures vanquished.

Vanquished Creatures (others)
  2 fungi (D:2)
  2 plants (D:2)
4 creatures vanquished.

Grand Total: 75 creatures vanquished

Notes
Turn   | Place    | Note
-------+----------+-------------------------------------------
     0 | D:1      | Banquo the Djinni Gladiator began the quest for the Orb.
     0 | D:1      | Reached XP level 1. HP: 18/18 MP: 0/0
   122 | D:1      | Reached XP level 2. HP: 21/23 MP: 0/0
   548 | D:1      | Reached XP level 3. HP: 28/28 MP: 0/0
   548 | D:1      | Learned a level 1 spell: Corona
  1193 | D:2      | Found a faded altar of an unknown god.
  1408 | D:2      | Reached skill level 1 in Spellcasting
  1710 | D:2      | Found Gifif's Book Emporium.
  1727 | D:2      | Reached XP level 4. HP: 34/34 MP: 0/0
  2798 | D:3      | Found a snail-covered altar of Cheibriados.
  3583 | D:3      | Reached XP level 5. HP: 40/40 MP: 0/0
  3583 | D:3      | Learned a level 2 spell: Wereblood
  3694 | D:4      | Noticed a water moccasin
  4140 | D:3      | Slain by an iguana

Illustrated notes

Levels and vault maps discovered:
D:1:      dpeg_arrival_lava_temple_mockup, layout_loops_ring
D:2:      layout_basic, serial_shops,
          nicolae_shop_temple_entry_statues_fountains,
          dreamdust_ecumenical_altar_grove, serial_glass, glass_columns_a,
          glass_columns_c, glass_columns_a, glass_columns_a, glass_columns_b,
          glass_columns_a
D:3:      layout_loops_corners, cheibrodos_worm_habitat
D:4:      layout_rooms

Skill      XL: |  1  2  3 |
---------------+----------+-----
Long Blades    | 3 |  3.9
Spellcasting   | 1 |  1.5
Fighting       | |  2.9
Throwing       | |  1.5
Armour         | |  0.8
Dodging        | |  3.2
Shields        | |  0.9

Action                   |  1- 3 |  4- 6 || total
-------------------------+-------+-------++-------
Melee: Long sword        |    87 |   135 ||   222
 Stab: Distracted        |     1 |       ||     1
       Sleeping          |       |     1 ||     1
Armor: Leather armour    |    32 |    29 ||    61
       Scale mail        |       |    20 ||    20
Dodge: Dodged            |    66 |    50 ||   116
Block: Kite shield       |     5 |    59 ||    64
       Rpst.: Long sword |    18 |    19 ||    37
